 Dungeon Crawl Stone Soup version 0.30.1-4-g462c640d31 (webtiles) character file.

Game seed: 8148876120787051200

50038 growler the Cloud Mage (level 14, -17/82 HPs)
             Began as a Tengu Air Elementalist on Sept 6, 2023.
             Was a High Priest of Hepliaklqana.
             Demolished by a torpor snail (50 damage)
             ... on level 5 of the Lair of Beasts on Sept 7, 2023.
             The game lasted 01:04:27 (24101 turns).

growler the Cloud Mage (Tengu Air Elementalist)    Turns: 24101, Time: 01:04:28

Health: -17/82     AC:  9    Str: 10    XL:     14   Next: 53%
Magic:  6/24       EV:  2    Int: 26    God:    Hepliaklqana [*****.]
Gold:   1029       SH:  0    Dex: 12    Spells: 15/25 levels left

rFire   . . .        B - +1 dagger (venom)
rCold   . . .        J - +0 buckler
rNeg    . . .        H - +2 robe "Zyuluxi" {+Blink Dex-2 SInv Stlth+}
rPois   .            U - +2 hat
rElec   .            M - +1 cloak
rCorr   .            N - +0 pair of gloves
SInv    +            (boots unavailable)
Will    +....        e - amulet of regeneration
Stlth   +++          u - +5 ring of evasion
HPRegen 1.13/turn    x - +6 ring of intelligence
MPRegen 0.19/turn

%: no passive effects
@: sleeping, flying quickly and evasively, slowed, quick
A: reduced essence, beak, talons 3, nimble flight
a: Renounce Religion, Evoke Blink, Recall Ancestor, Ancestor Identity,
Transference, Idealise


You were on level 5 of the Lair of Beasts.
You worshipped Hepliaklqana.
Hepliaklqana was extremely pleased with you.
You visited 2 branches of the dungeon, and saw 17 of its levels.

You collected 1123 gold pieces.
You spent 94 gold pieces at shops.

Inventory:

Hand Weapons
 B - a +1 dagger of venom (weapon)
 P - a +4 dagger
 W - a +1 rapier of draining
Missiles
 w - 3 throwing nets
Armour
 H - the +2 robe "Zyuluxi" (worn) {+Blink Dex-2 SInv Stlth+}
   (You found it on level 6 of the Dungeon)

   Dex:       It affects your dexterity (-2).
   SInv:      It lets you see invisible.
   +Blink:    It lets you blink.
   Stlth:     It makes you more stealthy.
 J - a +0 buckler (worn)
 M - a +1 cloak (worn)
 N - a +0 pair of gloves (worn)
 U - a +2 hat (worn)
Jewellery
 a - a ring of see invisible
 c - an amulet of magic regeneration
 e - an amulet of regeneration (around neck)
 r - a ring of protection from cold
 t - a ring of wizardry
 u - a +5 ring of evasion (left hand)
 x - a +6 ring of intelligence (right hand)
 K - an amulet of faith
 L - an amulet of the acrobat
Wands
 d - a wand of flame (13)
 C - a wand of light (14)
 O - a wand of iceblast (4)
 S - a wand of mindburst (8)
 T - a wand of paralysis (9)
Scrolls
 f - 3 scrolls of poison
 i - 2 scrolls of torment
 l - a scroll of summoning
 m - 6 scrolls of amnesia
 q - 2 scrolls of fog
 s - 2 scrolls of immolation
 v - 6 scrolls of teleportation
 y - a scroll of magic mapping
 A - 2 scrolls of vulnerability
 I - a scroll of blinking
 R - 3 scrolls of identify
Potions
 b - 2 potions of magic
 g - 4 potions of mutation
 h - 2 potions of ambrosia
 j - 14 potions of curing
 k - 8 potions of might
 n - 6 potions of brilliance
 p - a potion of berserk rage
 z - a potion of cancellation
 D - 3 potions of resistance
 G - 7 potions of lignification
 Q - 2 potions of heal wounds


   Skills:
 + Level 12.8 Fighting
 - Level 8.0 Short Blades
 + Level 8.8 Dodging
 - Level 2.0 Stealth
 + Level 1.7 Shields
 - Level 6.0 Spellcasting
 - Level 6.0 Conjurations
 + Level 21.5 Air Magic


You had 15 spell levels left.
You knew the following spells:

 Your Spells              Type           Power      Damage    Failure   Level
a - Shock                 Conj/Air       100%       1d9       1%          1
b - Static Discharge      Conj/Air       100%       2-7/arc   1%          2
c - Swiftness             Air            88%        N/A       0%          3
d - Airstrike             Air            44%        2d(7-23)  0%          4

Your spell library contained the following spells:

 Spells                   Type           Power      Damage    Failure   Level
 Summon Small Mammal      Summ           28%        N/A       10%         1
 Sticky Flame             Conj/Fire      23%        2d4       28%         4
 Call Canine Familiar     Summ           7%         N/A       30%         3
 Frozen Ramparts          Ice            14%        1d3       30%         3
 Ignite Poison            Fire/Tmut/Pois 7%         N/A       30%         3
 Ozocubu's Armour         Ice            7%         N/A       30%         3
 Portal Projectile        Hex/Tloc       14%        N/A       30%         3
 Summon Guardian Golem    Hex/Summ       7%         N/A       30%         3
 Ice Form                 Ice/Tmut       7%         N/A       69%         4
 Leda's Liquefaction      Hex/Erth       3%         N/A       69%         4
 Summon Ice Beast         Ice/Summ       7%         N/A       69%         4
 Metabolic Englaciation   Hex/Ice        3%         N/A       95%         5
 Simulacrum               Ice/Necr       3%         N/A       100%        6
 Ignition                 Fire           3%         3d4       100%        8


Dungeon Overview and Level Annotations

Branches:
Dungeon (12/15)            Temple (0/1) D:7            Lair (5/5) D:8
  Swamp (0/4) Lair:2        Snake (0/4) Lair:2        Slime (0/5) Lair:5
    Orc: D:9-12

Altars:
Elyvilon
Hepliaklqana
Kikubaaqudgha
Okawaru
Sif Muna
Vehumet
Wu Jian
Xom
The Shining One

Shops:
D:1 :   D:5 *


Innate Abilities, Weirdness & Mutations

Your life essence is reduced to manifest your ancestor. (-10% HP)
You have a beak for a mouth.
You have claws for feet.
Your magical nature lets you fly swiftly and evasively.


Message History

The dream sheep is moderately wounded.
The torpor snail is struck by an arc of lightning!
The torpor snail is almost dead.
The lightning grounds out.
The dream sheep is struck by an arc of lightning.
The dream sheep is moderately wounded.
The plant is struck by an arc of lightning.
The plant begins to die.
The plant is lightly damaged.
You are struck by an arc of lightning.
The lightning grounds out.
The plant is struck by an arc of lightning!
The plant is lightly damaged.
The dream sheep is struck by an arc of lightning.
The dream sheep is heavily wounded.
You are struck by an arc of lightning.
The plant is struck by an arc of lightning!
The plant is lightly damaged.
You are struck by an arc of lightning.
The lightning grounds out.
The dream sheep bites you!
The dream sheep shake their wool and sparkle.
You feel drowsy...
You fall asleep.
The torpor snail bites you!!!
You wake up.
Ouch! That really hurt!
You block the dream sheep's attack.
Unknown command.
Okay, then.
As you read the scroll of fear, it crumbles to dust.
You assume a fearsome visage.
The torpor snail resists with almost no effort.
The dream sheep easily resists.
The dream sheep looks frightened!
A frightened dream sheep leaps away.
The dream sheep looks frightened!
The dream sheep bleats in terror.
A nearby plant withers and dies.
The torpor snail misses you.
There is a stone staircase leading up here.
The dream sheep shake their wool and sparkle.
You feel drowsy...
You fall asleep.
You stop ascending the stairs.
The torpor snail bites you!!!
Ouch! That really hurt!
You die...

# #. # #.. ##
P...# ### .#
...P..###.###
.##
..P.....Y?..#
..#
..:...#..w@##
.P# ....#
##...P# ..##
... ##...#
.Y.# # ....P#
.S.# ........
...#
#..#...#..
D†##
##YP.P#..#.
..# .....##.#
..#


You could see a torpor snail and 2 dream sheep.

Vanquished Creatures
  Rupert (Lair:3)
  2 hydras (Lair:4)
  Erolcha (D:9)
  A two-headed ogre (D:11)
  2 death yaks
  Sonja (D:10)
  Nergalle (D:10)
  A swamp dragon (Lair:5)
  2 bog bodies (Lair:2)
  A lindwurm (Lair:5)
  An oklob plant (Lair:3)
  A cyclops (D:11)
  3 elephants
  5 black mambas
  5 cane toads
  4 rime drakes
  5 komodo dragons
  Psyche (D:10)
  A kobold demonologist (D:11)
  3 polar bears
  7 blink frogs
  Prince Ribbit (D:5)
  7 dream sheep
  A shadow (D:11)
  2 wyverns
  A wraith (D:11)
  23 yaks
  2 humans (D:9)
  3 basilisks
  3 steam dragons (Lair:5)
  3 vampire mosquitoes
  Edmund (D:4)
  A swamp worm (Lair:2)
  2 acid dragons (Lair:5)
  17 water moccasins
  2 orc warriors
  A sky beast (D:7)
  3 black bears
  2 ice beasts
  An ogre (D:5)
  2 wolves (Lair:5)
  7 centaurs
  3 phantoms
  3 kobold brigands (D:8)
  A scorpion (D:4)
  9 bullfrogs
  9 wights
  14 killer bees
  4 howler monkeys
  2 electric eels (Lair:2)
  4 orc priests
  8 jellies
  7 hounds
  6 iguanas
  12 orc wizards
  2 hell rats (Lair:1)
  4 gnolls (D:7)
  8 adders
  4 river rats (Lair:1)
  A shadow imp (D:5)
  A white imp (D:5)
  An ufetubus (D:5)
  5 dart slugs
  22 orcs
  2 bats
  6 endoplasms
  2 giant cockroaches
  6 goblins
  11 hobgoblins
  12 kobolds
  8 quokkas
  5 ball pythons
  A frilled lizard (D:1)
  8 rats
325 creatures vanquished.

Vanquished Creatures (collateral kills)
  Gastronok (Lair:3)
  A fire dragon (Lair:5)
  Fannar (Lair:3)
  3 death yaks
  A skyshark (Lair:5)
  2 elephants
  A black mamba (Lair:2)
  A kobold demonologist (D:9)
  An unseen horror (D:10)
  A komodo dragon (Lair:2)
  2 polar bears (Lair:5)
  3 blink frogs
  A dream sheep (Lair:4)
  A wyvern (Lair:5)
  16 yaks
  2 basilisks
  A vampire mosquito (D:10)
  A swamp worm (Lair:2)
  An acid dragon (D:10)
  2 water moccasins (Lair:2)
  2 orc warriors
  A centaur (D:11)
  A bullfrog (D:8)
  A wight (D:9)
  2 killer bees
  3 river rats (Lair:1)
  An orc (D:9)
  6 kobolds (D:8)
60 creatures vanquished.

Vanquished Creatures (others)
  3 dream sheep (D:5)
  10 hexers
  An orc (D:10)
  A butterfly (Lair:2)
15 creatures vanquished.

Grand Total: 400 creatures vanquished

Notes
Turn   | Place    | Note
-------+----------+-------------------------------------------
     0 | D:1      | growler the Tengu Air Elementalist began the quest for the
                  | Orb.
     0 | D:1      | Reached XP level 1. HP: 10/10 MP: 4/4
   224 | D:1      | Found a faded altar of an unknown god.
   358 | D:1      | Found Ominlauc's Book Emporium.
   368 | D:1      | Reached XP level 2. HP: 13/15 MP: 1/6
   980 | D:1      | Learned a level 2 spell: Static Discharge
  1180 | D:2      | Reached XP level 3. HP: 19/19 MP: 4/7
  1184 | D:2      | Learned a level 3 spell: Swiftness
  2097 | D:3      | Found a radiant altar of Vehumet.
  2098 | D:3      | Found a white marble altar of Elyvilon.
  2284 | D:3      | Reached XP level 4. HP: 24/24 MP: 0/9
  2285 | D:3      | Reached skill level 5 in Air Magic
  2558 | D:3      | Gained mutation: Your magical nature lets you fly swiftly
                  | and evasively. [Tengu growth]
  2558 | D:3      | Reached XP level 5. HP: 28/28 MP: 3/10
  2823 | D:3      | Learned a level 4 spell: Airstrike
  3244 | D:4      | Reached XP level 6. HP: 15/32 MP: 2/12
  3343 | D:4      | Identified the +0 leather armour of Failure {rN+++ MP-9
                  | Str+4 Dex+3}
  3374 | D:4      | Reached skill level 6 in Air Magic
  3521 | D:4      | Reached skill level 5 in Conjurations
  3667 | D:4      | Noticed Edmund
  3953 | D:4      | Killed Edmund
  3954 | D:4      | Reached XP level 7. HP: 36/36 MP: 1/14
  4356 | D:4      | Found an ornate altar of the Wu Jian Council.
  4597 | D:5      | Entered Level 5 of the Dungeon
  4656 | D:5      | Reached skill level 7 in Air Magic
  4730 | D:5      | Found Sizit's General Store.
  4824 | D:5      | Found a hazy altar of Hepliaklqana.
  4832 | D:5      | Became a worshipper of Hepliaklqana the Forgotten
  4975 | D:5      | Noticed a wyvern
  4979 | D:5      | Killed a wyvern
  4980 | D:5      | Reached skill level 5 in Spellcasting
  4980 | D:5      | Reached skill level 8 in Air Magic
  4980 | D:5      | Reached XP level 8. HP: 41/41 MP: 8/17
  5291 | D:5      | Noticed Prince Ribbit
  5306 | D:5      | Killed Prince Ribbit
  5307 | D:5      | Reached skill level 9 in Air Magic
  5454 | D:5      | Noticed a dream sheep
  5454 | D:5      | Noticed a dream sheep
  5454 | D:5      | Noticed a dream sheep
  5454 | D:5      | Noticed a dream sheep
  5454 | D:5      | Noticed a dream sheep
  5454 | D:5      | Found a shimmering altar of Xom.
  5457 | D:5      | Killed a dream sheep
  5457 | D:5      | Killed a dream sheep
  5457 | D:5      | Killed a dream sheep
  5457 | D:5      | Killed a dream sheep
  5458 | D:5      | Killed a dream sheep
  5459 | D:5      | Reached skill level 10 in Air Magic
  5748 | D:5      | Bought a +1 dagger of venom for 94 gold pieces
  5795 | D:6      | Reached skill level 1 in Fighting
  5971 | D:6      | Reached XP level 9. HP: 49/49 MP: 10/19
  6118 | D:6      | Reached skill level 11 in Air Magic
  6607 | D:6      | Reached * piety under Hepliaklqana
  6654 | D:6      | Identified the +2 robe "Zyuluxi" {+Blink Dex-2 SInv Stlth+}
  6670 | D:6      | Identified the +9 sling "Miosaaga" {flame, Will+ Str-5
                  | SInv}
  6727 | D:6      | Found a glowing golden altar of the Shining One.
  7083 | D:7      | Found an ancient bone altar of Kikubaaqudgha.
  7346 | D:7      | Found a shimmering blue altar of Sif Muna.
  7552 | D:7      | Reached skill level 5 in Fighting
  7552 | D:7      | Reached skill level 12 in Air Magic
  8084 | D:7      | Found a staircase to the Ecumenical Temple.
  8533 | D:8      | Reached ** piety under Hepliaklqana
  8534 | D:8      | Remembered your ancestor Reggie B. as a hexer
  8571 | D:8      | Reached skill level 13 in Air Magic
  8571 | D:8      | Reached XP level 10. HP: 54/54 MP: 9/20
  8895 | D:8      | Found a staircase to the Lair.
 10290 | D:9      | Reached skill level 1 in Short Blades
 10455 | D:9      | Reached *** piety under Hepliaklqana
 10510 | D:9      | Noticed Erolcha
 10543 | D:9      | Killed Erolcha
 10544 | D:9      | Reached skill level 14 in Air Magic
 11830 | D:9      | Found an iron altar of Okawaru.
 12025 | D:10     | Entered Level 10 of the Dungeon
 12025 | D:10     | Noticed an unseen horror
 12028 | D:10     | Killed an unseen horror
 12029 | D:10     | Reached XP level 11. HP: 62/62 MP: 10/21
 12290 | D:9      | Reached skill level 5 in Short Blades
 12509 | D:10     | Reached skill level 15 in Air Magic
 12781 | D:10     | Noticed Nergalle
 12801 | D:10     | Killed Nergalle
 12979 | D:10     | Noticed Psyche
 13012 | D:9      | Reached skill level 18 in Air Magic
 13012 | D:9      | Reached XP level 12. HP: 67/68 MP: 14/22
 13055 | D:10     | Killed Psyche
 13484 | D:10     | Noticed Sonja
 13488 | D:10     | Killed Sonja
 13598 | D:11     | You are sucked into a shaft and drop 1 floor!
 13983 | D:11     | Reached skill level 19 in Air Magic
 14511 | D:11     | Noticed a two-headed ogre
 14514 | D:11     | Killed a two-headed ogre
 14758 | D:11     | Reached skill level 10 in Fighting
 15288 | Lair:1   | Entered Level 1 of the Lair of Beasts
 15734 | Lair:1   | Reached **** piety under Hepliaklqana
 15916 | Lair:1   | Reached XP level 13. HP: 73/73 MP: 14/23
 17386 | Lair:2   | Found a staircase to the Snake Pit.
 17393 | Lair:2   | HP: 3/74 [poisoned by a black mamba]
 18236 | Lair:2   | Found a staircase to the Swamp.
 18240 | Lair:2   | Reached skill level 20 in Air Magic
 18737 | Lair:3   | Noticed Fannar
 18741 | Lair:3   | Killed Fannar
 18866 | Lair:3   | Reached skill level 5 in Dodging
 19211 | Lair:3   | Noticed Gastronok
 19220 | Lair:3   | Killed Gastronok
 19390 | Lair:3   | Reached ***** piety under Hepliaklqana
 20169 | Lair:3   | Noticed Rupert
 20194 | Lair:3   | Killed Rupert
 20362 | Lair:3   | You are sucked into a shaft and drop 2 floors!
 20362 | Lair:5   | Entered Level 5 of the Lair of Beasts
 20540 | Lair:5   | Found a staircase to the Slime Pits.
 21043 | Lair:4   | Reached XP level 14. HP: 59/82 MP: 2/24
 21473 | Lair:4   | Reached skill level 21 in Air Magic
 22203 | Lair:4   | Identified the +6 chain mail of Lucidity {Rampage Str+3}
 23493 | Lair:5   | Reached skill level 1 in Shields
 24101 | Lair:5   | Demolished by a torpor snail

Illustrated notes

Levels and vault maps discovered:
D:1:      scummos_arrival_checkerplants, layout_loops_ring, serial_shops,
          nicolae_square_shop, ebering_ecumenical_altar_sacrificial,
          minmay_misc_feat_ornament, corexii_item_surrounded_by_moat,
          minmay_misc_feat_more_columns
D:2:      layout_loops_ring
D:3:      minmay_evil_eye, layout_loops_ring, grunt_temple_overflow_open
D:4:      layout_loops_corners, nicolae_wu_jian_wuxing_cycle,
          minmay_increasing_density, uniq_edmund
D:5:      layout_loops_ring, kb_xom_exploding_sheep,
          mainiacjoe_overflow_tiny_flanked, serial_shops,
          nicolae_shop_statue_plus, uniq_prince_ribbit1
D:6:      layout_cave_pools, tso_metal_star
D:7:      layout_gridville, kiku_gazebo_garden_becter,
          mainiacjoe_overflow_boulevard, minmay_temple_entry_tees,
          supply_closet_lemuel
D:8:      layout_layer_cave, dpeg_oklobed_lair, roderic_lattice_a,
          nicolae_eternal_life
D:9:      layout_loops_corners, okawaru_humans, uniq_erolcha
D:10:     layout_cave_pools, uniq_sonja, uniq_psyche, uniq_nergalle
D:11:     layout_loops_corners, serial_aquarium, aquarium_bridge_straight
          [aquarium_subvault_bridge, aquarium_subvault_wall,
          aquarium_subvault_bridge, aquarium_subvault_window],
          aquarium_bridge_island_small [aquarium_subvault_small_water,
          aquarium_subvault_bridge, aquarium_subvault_wall,
          aquarium_subvault_wall, aquarium_subvault_wall],
          aquarium_window_corridor_2, aquarium_window_fake, aquarium_view_2c
D:12:     layout_loops_corners, orc_0_dummy, gammafunk_ghost_ooze,
          grunt_dithmenos_shadows
Lair:1:   wander_river, layout_long_grid, kennysheep_rathole
Lair:2:   layout_cave_pods, nicolae_swamp_entry_splash_gauntlet,
          minmay_snake_entry_six_corridors, lemuel_old_faithful,
          serial_bayou_shore_b, lemuel_fruit_fields
Lair:3:   layout_chaotic_city, minmay_lair_oklob_items, grunt_megastairs_3,
          uniq_gastronok, uniq_fannar, uniq_rupert
Lair:4:   layout_cave_shapes, infiniplex_staircase_pool
Lair:5:   hangedman_lair_in_review, layout_loops_ring, guppyfry_lair_end_dragon,
          nicolae_slime_entry_field_trip, cheibrodos_lair_lostbears,
          serial_bayou_shore_b

Skill      XL: |  1  2  3  4  5  6  7  8  9 10 11 12 13 14 |
---------------+-------------------------------------------+-----
Conjurations   | 2 3 4 5 6 |  6.0
Air Magic      | 5 6 8 10 13 14 18 19 20 21 | 21.5
Spellcasting   | 3 4 5 6 |  6.0
Fighting       | 2 6 8 9 10 12 | 12.8
Short Blades   | 4 5 7 8 |  8.0
Dodging        | 7 8 |  8.8
Shields        | 1 |  1.7
Stealth        | |  2.0

Action                     |  1- 3 |  4- 6 |  7- 9 | 10-12 | 13-15 || total
---------------------------+-------+-------+-------+-------+-------++-------
  Melee: Unarmed           |       |     2 |       |     2 |       ||     4
         Kick              |       |     1 |       |    44 |    51 ||    96
         Dagger            |       |       |     6 |   105 |    95 ||   206
         Peck              |       |       |     1 |    30 |    34 ||    65
         Punch             |       |       |       |     1 |       ||     1
   Cast: Shock             |    87 |    68 |   115 |     9 |       ||   279
         Static Discharge  |       |     7 |    15 |    55 |    44 ||   121
         Airstrike         |       |     4 |    43 |   141 |   217 ||   405
         Swiftness         |       |       |       |       |     1 ||     1
 Invoke: Recall Ancestor   |       |       |     1 |     2 |     9 ||    12
         Ancestor Life: He |       |       |     1 |       |       ||     1
         Ancestor Identity |       |       |     1 |       |       ||     1
         Transference      |       |       |       |       |     1 ||     1
  Evoke: Wand              |       |       |       |       |     5 ||     5
    Use: Scroll            |       |     7 |       |    19 |     7 ||    33
         Potion            |       |       |       |     3 |     2 ||     5
   Stab: Confused          |       |       |       |     2 |     1 ||     3
         Distracted        |       |       |       |     3 |     1 ||     4
         Sleeping          |       |       |       |       |     1 ||     1
 Armour: Robe              |     1 |     1 |     3 |    18 |    20 ||    43
         Skin              |       |       |       |     1 |       ||     1
  Dodge: Dodged            |     5 |    19 |    34 |   166 |   128 ||   352
  Block: Buckler           |       |       |       |       |    15 ||    15
